TOP OF THE 1ST |
Reading Fightin Phils batting - Pitching for Altoona Curve : LHP Ben Buerck
|
Pitching: LHP Ben Buerck
|
|
Batting: RHB Alberto Ramirez
|
0-0: Called Strike 0-1: Foul Ball, location: 2F 0-2: Ball 1-2: Foul Ball, location: 2F 1-2: Foul Ball, location: 2F 1-2: Ball 2-2: Foul Ball, location: 2F 2-2: Foul Ball, location: 2F 2-2: Strikes out swinging
|
Batting: RHB Chris Myers
|
0-0: Foul Ball, location: 2F 0-1: Foul Ball, location: 2F 0-2: Ball 1-2: Ball 2-2: Ball 3-2: Foul Ball, location: 2F 3-2: Foul Ball, location: 2F 3-2: SINGLE (Line Drive, 8RS, EV 104.4 MPH)
|
Batting: RHB Guan-pei Gao
|
0-0: Ball 1-0: Foul Ball, location: 2F 1-1: Called Strike 1-2: Strikes out looking
|
Batting: RHB Victor Arroyo
|
0-0: Ball 1-0: Swinging Strike 1-1: Ball Chris Myers is caught stealing 2nd base 2-4
|
Top of the 1st over - 0 runs, 1 hit, 0 errors, 0 left on base; Reading 0 - Altoona 0 |
BOTTOM OF THE 1ST |
Altoona Curve batting - Pitching for Reading Fightin Phils : RHP Dale Turner
|
Pitching: RHP Dale Turner
|
|
Batting: RHB Melvin Durland
|
0-0: Ball 1-0: Ball 2-0: Foul Ball, location: 2F 2-1: Ground out 1-3 (Groundball, P, EV 65.6 MPH)
|
Batting: RHB Alex Arzate
|
0-0: Ball 1-0: Called Strike 1-1: Ball 2-1: Foul Ball, location: 2F 2-2: Foul Ball, location: 2F 2-2: Foul Ball, location: 2F 2-2: Ball 3-2: Ground out 5-3 (Groundball, 56S, EV 85.0 MPH)
|
Batting: LHB Josh Aerni
|
0-0: Called Strike 0-1: Ball 1-1: SINGLE (Line Drive, 34D, EV 96.9 MPH)
|
Batting: RHB Brandon White
|
0-0: Called Strike 0-1: Ball 1-1: Foul Ball, location: 2F 1-2: Strikes out swinging
|
Bottom of the 1st over - 0 runs, 1 hit, 0 errors, 1 left on base; Reading 0 - Altoona 0 |
TOP OF THE 2ND |
Reading Fightin Phils batting - Pitching for Altoona Curve : LHP Ben Buerck
|
Batting: RHB Victor Arroyo
|
0-0: Ball 1-0: Ball 2-0: Called Strike 2-1: Foul Ball, location: 2F 2-2: Foul Ball, location: 2F 2-2: Strikes out swinging, 2-3 out at first.
|
Batting: RHB Greg Herzig
|
0-0: Foul Ball, location: 2F 0-1: Called Strike 0-2: Foul Ball, location: 2F 0-2: Ball 1-2: Ground out 6-3 (Groundball, 6, EV 86.9 MPH)
|
Batting: RHB Mike Meeker
|
0-0: Swinging Strike 0-1: Ball 1-1: Swinging Strike 1-2: Strikes out swinging
|
Top of the 2nd over - 0 runs, 0 hits, 0 errors, 0 left on base; Reading 0 - Altoona 0 |
BOTTOM OF THE 2ND |
Altoona Curve batting - Pitching for Reading Fightin Phils : RHP Dale Turner
|
Batting: LHB Joe Wise
|
0-0: SINGLE (Flyball, 7S, EV 88.8 MPH)
|
Batting: RHB Steve Terres
|
0-0: Ball 1-0: Ball 2-0: DOUBLE (Line Drive, 89M, EV 98.8 MPH) Joe Wise to third
|
Batting: LHB Mike Handrahan
|
0-0: Ball 1-0: Ball 2-0: Ball 3-0: Called Strike 3-1: Called Strike 3-2: Foul Ball, location: 2F 3-2: Strikes out looking
|
Batting: LHB Rogelio Nunez
|
0-0: Called Strike 0-1: Ball 1-1: SINGLE (Groundball, 6D, EV 97.5 MPH) Joe Wise scores Steve Terres to third
|
Batting: RHB Terrence Wilson
|
0-0: Ball 1-0: Ball 2-0: Called Strike Rogelio Nunez steals 2nd base 2-1: Ball 3-1: Called Strike 3-2: Strikes out swinging
|
Batting: RHB Melvin Durland
|
0-0: Called Strike 0-1: Foul Ball, location: 2F 0-2: Ball 1-2: Strikes out swinging
|
Bottom of the 2nd over - 1 run, 3 hits, 0 errors, 2 left on base; Reading 0 - Altoona 1 |
TOP OF THE 3RD |
Reading Fightin Phils batting - Pitching for Altoona Curve : LHP Ben Buerck
|
Batting: RHB Daniel Samano
|
0-0: Ball 1-0: SINGLE (Groundball, P, EV 86.9 MPH) (infield hit)
|
Batting: RHB Mike Bell
|
0-0: Ball 1-0: SINGLE (Groundball, 6D, EV 95.0 MPH) Daniel Samano to second
|
Batting: RHB Victor Arias
|
0-0: Ball Daniel Samano is caught stealing 3rd base 2-5 1-0: Grounds into double play, 4-6-3 (Groundball, 4S, EV 92.5 MPH)
|
Top of the 3rd over - 0 runs, 2 hits, 0 errors, 0 left on base; Reading 0 - Altoona 1 |
BOTTOM OF THE 3RD |
Altoona Curve batting - Pitching for Reading Fightin Phils : RHP Dale Turner
|
Batting: RHB Alex Arzate
|
0-0: Called Strike 0-1: Ball 1-1: Ground out 5-3 (Groundball, 56, EV 100.0 MPH)
|
Batting: LHB Josh Aerni
|
0-0: Called Strike 0-1: Ball 1-1: SOLO HOME RUN (Flyball, 9LD, EV 97.5 MPH), Distance : 369 ft
|
Batting: RHB Brandon White
|
0-0: SINGLE (Groundball, 5S, EV 65.6 MPH) (infield hit)
|
Batting: LHB Joe Wise
|
0-0: Fielders Choice at 2nd, 5-4 (Groundball, 56, EV 107.5 MPH)
|
Batting: RHB Steve Terres
|
0-0: Ball Pickoff Throw to First - Out! 1-3 CS
|
Bottom of the 3rd over - 1 run, 2 hits, 0 errors, 0 left on base; Reading 0 - Altoona 2 |
TOP OF THE 4TH |
Reading Fightin Phils batting - Pitching for Altoona Curve : LHP Ben Buerck
|
Batting: RHB Alberto Ramirez
|
0-0: Called Strike 0-1: Called Strike 0-2: Ball 1-2: Ball 2-2: Ball 3-2: Foul Ball, location: 2F 3-2: Ground out 5-3 (Groundball, 5S, EV 73.8 MPH)
|
Batting: RHB Chris Myers
|
0-0: Ball 1-0: Fly out, F8 (Line Drive, 8RM, EV 91.2 MPH)
|
Batting: RHB Guan-pei Gao
|
0-0: Foul Ball, location: 2F 0-1: Ground out 6-3 (Groundball, 56, EV 86.9 MPH)
|
Top of the 4th over - 0 runs, 0 hits, 0 errors, 0 left on base; Reading 0 - Altoona 2 |
BOTTOM OF THE 4TH |
Altoona Curve batting - Pitching for Reading Fightin Phils : RHP Dale Turner
|
Batting: RHB Steve Terres
|
0-0: Ball 1-0: Ground out 5-3 (Groundball, 5S, EV 86.9 MPH)
|
Batting: LHB Mike Handrahan
|
0-0: Foul Ball, location: 2F 0-1: Swinging Strike 0-2: Ball 1-2: Foul Ball, location: 2F 1-2: Hit by Pitch
|
Pinch Runner at 1st Chris McCoy:
|
|
Batting: LHB Rogelio Nunez
|
0-0: Foul Ball, location: 2F 0-1: Ball 1-1: Ground out 5-3 (Groundball, 56S, EV 68.8 MPH) Chris McCoy to second
|
Batting: RHB Terrence Wilson
|
0-0: Ball 1-0: Swinging Strike 1-1: Foul Ball, location: 2F 1-2: Ball 2-2: Strikes out swinging
|
Bottom of the 4th over - 0 runs, 0 hits, 0 errors, 1 left on base; Reading 0 - Altoona 2 |
TOP OF THE 5TH |
Reading Fightin Phils batting - Pitching for Altoona Curve : LHP Ben Buerck
|
Now at 3B: Tim Moore
|
|
Batting: RHB Victor Arroyo
|
0-0: Foul Ball, location: 2F 0-1: Foul Ball, location: 2F 0-2: Ball 1-2: Strikes out looking
|
Batting: RHB Greg Herzig
|
0-0: Ball 1-0: Foul Ball, location: 2F 1-1: Ground out 1-3 (Groundball, 15S, EV 76.2 MPH)
|
Batting: RHB Mike Meeker
|
0-0: Fly out, F4 (Popup, 4S, EV 70.0 MPH)
|
Top of the 5th over - 0 runs, 0 hits, 0 errors, 0 left on base; Reading 0 - Altoona 2 |
BOTTOM OF THE 5TH |
Altoona Curve batting - Pitching for Reading Fightin Phils : RHP Dale Turner
|
Batting: RHB Melvin Durland
|
0-0: Called Strike 0-1: Called Strike 0-2: Strikes out swinging
|
Batting: RHB Alex Arzate
|
0-0: Fly out, F7 (Flyball, 7, EV 87.5 MPH)
|
Batting: LHB Josh Aerni
|
0-0: Ball 1-0: Ball 2-0: Foul Ball, location: 2F 2-1: Ball 3-1: Foul Ball, location: 2F 3-2: Base on Balls
|
Batting: RHB Brandon White
|
0-0: Foul Ball, location: 2F 0-1: Ball 1-1: Fly out, F7 (Flyball, 7D, EV 94.4 MPH)
|
Bottom of the 5th over - 0 runs, 0 hits, 0 errors, 1 left on base; Reading 0 - Altoona 2 |
TOP OF THE 6TH |
Reading Fightin Phils batting - Pitching for Altoona Curve : LHP Ben Buerck
|
Batting: RHB Daniel Samano
|
0-0: Called Strike 0-1: Called Strike 0-2: Strikes out swinging
|
Batting: RHB Mike Bell
|
0-0: Swinging Strike 0-1: Ball 1-1: Ball 2-1: Swinging Strike 2-2: Strikes out swinging, 2-3 out at first.
|
Batting: RHB Victor Arias
|
0-0: Foul Ball, location: 2F 0-1: SINGLE (Groundball, P, EV 90.0 MPH) (infield hit)
|
Batting: RHB Alberto Ramirez
|
0-0: Foul Ball, location: 2F 0-1: Ball 1-1: Called Strike 1-2: DOUBLE (Line Drive, 89D, EV 104.4 MPH) Victor Arias to third
|
Batting: RHB Chris Myers
|
0-0: Called Strike 0-1: Foul Ball, location: 2F 0-2: Foul Ball, location: 2F 0-2: Foul Ball, location: 2F 0-2: Ball 1-2: Fly out, F9 (Line Drive, 9S, EV 86.9 MPH)
|
Top of the 6th over - 0 runs, 2 hits, 0 errors, 2 left on base; Reading 0 - Altoona 2 |
BOTTOM OF THE 6TH |
Altoona Curve batting - Pitching for Reading Fightin Phils : RHP Dale Turner
|
Batting: LHB Joe Wise
|
0-0: Foul Ball, location: 2F 0-1: Ground out U3 (Groundball, 3S, EV 83.1 MPH)
|
Batting: RHB Steve Terres
|
0-0: Fly out, F8 (Flyball, 8LM, EV 95.6 MPH)
|
Batting: RHB Tim Moore
|
0-0: Ball 1-0: Ball 2-0: Foul Ball, location: 2F 2-1: Fly out, F4 (Line Drive, 34, EV 66.9 MPH)
|
Bottom of the 6th over - 0 runs, 0 hits, 0 errors, 0 left on base; Reading 0 - Altoona 2 |
TOP OF THE 7TH |
Reading Fightin Phils batting - Pitching for Altoona Curve : LHP Ben Buerck
|
Batting: RHB Guan-pei Gao
|
0-0: Ball 1-0: Ball 2-0: Ball 3-0: Base on Balls
|
Batting: RHB Victor Arroyo
|
0-0: Foul Ball, location: 2F 0-1: Ball 1-1: Ball 2-1: Fly out, F8 (Flyball, 8RD, EV 81.2 MPH)
|
Batting: RHB Greg Herzig
|
0-0: Foul Ball, location: 2F 0-1: Foul Ball, location: 2F 0-2: Ball 1-2: Foul Ball, location: 2F 1-2: Ball 2-2: Ball 3-2: Ground out U3 (Groundball, 34S, EV 87.5 MPH) Guan-pei Gao to second
|
Pitching: RHP Fred McIlrath
|
|
Batting: RHB Mike Meeker
|
0-0: Ground out 6-3 (Groundball, 56, EV 86.2 MPH)
|
Top of the 7th over - 0 runs, 0 hits, 0 errors, 1 left on base; Reading 0 - Altoona 2 |
BOTTOM OF THE 7TH |
Altoona Curve batting - Pitching for Reading Fightin Phils : RHP Dale Turner
|
Batting: LHB Rogelio Nunez
|
0-0: DOUBLE (Line Drive, 3D, EV 106.2 MPH)
|
Batting: RHB Terrence Wilson
|
0-0: Swinging Strike 0-1: Swinging Strike 0-2: Ball 1-2: Ball 2-2: Ground out 4-3 (Groundball, 4, EV 98.1 MPH) Rogelio Nunez to third
|
Batting: RHB Melvin Durland
|
0-0: Ball Wild Pitch! Rogelio Nunez scores 1-0: SINGLE (Flyball, 89S, EV 90.0 MPH)
|
Pitching: RHP T.J. Gray
|
|
Batting: RHB Alex Arzate
|
0-0: Ball 1-0: Ball 2-0: Foul Ball, location: 2F 2-1: DOUBLE (Line Drive, 7LD, EV 114.4 MPH) Melvin Durland to third
|
Batting: LHB Josh Aerni
|
0-0: Intentional Walk
|
Batting: RHB Brandon White
|
0-0: Called Strike 0-1: Fly out, F9 (Flyball, 89M, EV 92.5 MPH) Runner from 3rd tags up, SCORES, no throw by RF
|
Batting: LHB Joe Wise
|
0-0: Foul Ball, location: 2F 0-1: Ball 1-1: Foul Ball, location: 2F 1-2: Ball 2-2: Ground out 4-3 (Groundball, 4, EV 86.2 MPH)
|
Bottom of the 7th over - 2 runs, 3 hits, 0 errors, 2 left on base; Reading 0 - Altoona 4 |
TOP OF THE 8TH |
Reading Fightin Phils batting - Pitching for Altoona Curve : RHP Fred McIlrath
|
Batting: RHB Daniel Samano
|
0-0: Ball 1-0: Called Strike 1-1: Ball 2-1: Foul Ball, location: 2F 2-2: Strikes out swinging
|
Batting: RHB Mike Bell
|
0-0: Swinging Strike 0-1: Foul Ball, location: 2F 0-2: Foul Ball, location: 2F 0-2: Foul Ball, location: 2F 0-2: Ground out 1-3 (Groundball, 13S, EV 65.6 MPH)
|
Batting: RHB Victor Arias
|
0-0: SINGLE (Groundball, 34S, EV 62.5 MPH) (infield hit)
|
Batting: RHB Alberto Ramirez
|
0-0: Called Strike 0-1: Foul Ball, location: 2F 0-2: Ball 1-2: Strikes out looking
|
Top of the 8th over - 0 runs, 1 hit, 0 errors, 1 left on base; Reading 0 - Altoona 4 |
BOTTOM OF THE 8TH |
Altoona Curve batting - Pitching for Reading Fightin Phils : RHP T.J. Gray
|
Batting: RHB Steve Terres
|
0-0: Ball 1-0: Called Strike 1-1: Foul Ball, location: 2F 1-2: Ground out 6-3 (Groundball, 6, EV 81.9 MPH)
|
Batting: RHB Tim Moore
|
0-0: Called Strike 0-1: Ball 1-1: Ball 2-1: Fly out, F7 (Line Drive, 7, EV 87.5 MPH)
|
Batting: LHB Rogelio Nunez
|
0-0: Called Strike 0-1: Swinging Strike 0-2: Strikes out looking
|
Bottom of the 8th over - 0 runs, 0 hits, 0 errors, 0 left on base; Reading 0 - Altoona 4 |
TOP OF THE 9TH |
Reading Fightin Phils batting - Pitching for Altoona Curve : RHP Fred McIlrath
|
Batting: RHB Chris Myers
|
0-0: Ball 1-0: Ball 2-0: Ground out 5-3 (Groundball, 5L, EV 106.9 MPH)
|
Batting: RHB Guan-pei Gao
|
0-0: Fly out, F8 (Line Drive, 8LD, EV 93.1 MPH)
|
Batting: RHB Victor Arroyo
|
0-0: SINGLE (Line Drive, 89S, EV 96.2 MPH)
|
Batting: RHB Greg Herzig
|
0-0: Fielders Choice at 2nd, 5-4 (Groundball, 5L, EV 88.1 MPH)
|
Top of the 9th over - 0 runs, 1 hit, 0 errors, 1 left on base; Reading 0 - Altoona 4 |
|